 Dungeon Crawl Stone Soup version 0.28-a0-998-gb9e9c7b67e (webtiles) character file.

Game seed: 3410246941799440748

5072 ytrimaz the Covert (level 10, -1/69 HPs)
             Began as an Octopode Fighter on Dec 5, 2021.
             Was an Initiate of Ashenzari.
             Shot with a sling bullet by Joseph (4 damage)
             ... on level 9 of the Dungeon.
             The game lasted 00:13:23 (10070 turns).

ytrimaz the Covert (Octopode Fighter)              Turns: 10070, Time: 00:13:24

Health: -1/69      AC:  1    Str: 17    XL:     10   Next: 56%
Magic:  19/19      EV: 16    Int: 12    God:    Ashenzari [......]
Gold:   422        SH:  6    Dex: 13    Spells: 4/9 levels left

rFire   . . .      SeeInvis .   j - +4 dagger (drain)
rCold   . . .      Faith    .   b - +1 buckler
rNeg    . . .      Spirit   .   (helmet restricted)
rPois   +          Reflect  .   B - amulet of regeneration
rElec   .          Harm     .   e - ring of poison resistance
rCorr   .          Rampage  .   g - ring of magical power
Will    +....                   G - ring of willpower
Stlth   +++++++...              (no ring)
HPRegen 1.01/turn               (no ring)
MPRegen 0.16/turn               (no ring)
                                (no ring)
                                (no ring)

@: studying Summonings
A: almost no armour, amphibious, 8 rings, camouflage 1, gelatinous body 1,
nimble swimmer 1, tentacles
a: Renounce Religion, Curse Item


You were on level 9 of the Dungeon.
You worshipped Ashenzari.
Ashenzari was noncommittal.
You visited 2 branches of the dungeon, and saw 10 of its levels.
You also visited: Sewer.

You collected 422 gold pieces.

Inventory:

Hand Weapons
 a - a +0 spectral rapier
 j - a +4 dagger of draining (weapon)
Missiles
 E - 3 throwing nets
Armour
 b - a +1 buckler (worn)
Jewellery
 e - a ring of poison resistance (left tentacle)
 g - a ring of magical power (right tentacle)
 s - an amulet of guardian spirit
 x - a ring of ice
 B - an amulet of regeneration (around mantle)
 D - an amulet of the acrobat
 F - an amulet of magic regeneration
 G - a ring of willpower (on tentacle)
 H - a ring of flight
Wands
 v - a wand of mindburst (18)
 w - a wand of iceblast (2) (quivered)
Scrolls
 f - 6 scrolls of blinking
 h - a scroll of vulnerability
 o - 4 scrolls of fear
 t - a scroll of amnesia
 u - a scroll of silence
 y - 2 scrolls of teleportation
 A - a scroll of fog
Potions
 c - a potion of might
 d - 5 potions of curing
 i - a potion of berserk rage
 k - a potion of ambrosia {unknown}
 l - a potion of brilliance {unknown}
 m - a potion of mutation {unknown}
 n - 2 potions of invisibility
 p - 3 potions of heal wounds
 q - a potion of haste {unknown}
 r - a potion of magic
 z - a potion of cancellation {unknown}
 C - 2 potions of lignification {unknown}


   Skills:
 + Level 6.4 Fighting
 + Level 8.2 Short Blades
 + Level 7.9 Dodging
 + Level 11.8 Stealth
 - Level 4.0 Shields
 * Level 2.8 Necromancy


You had 4 spell levels left.
You knew the following spells:

 Your Spells              Type           Power      Damage    Failure   Level
a - Excruciating Wounds   Necr           3%         N/A       96%         5

Your spell library contained the following spells:

 Spells                   Type           Power      Damage    Failure   Level
 Pain                     Necr           24%        1d5       11%         1
 Magic Dart               Conj           0%         1d3       32%         1
 Searing Ray              Conj           0%         2d4       45%         2
 Conjure Flame            Conj/Fire      0%         6-21      69%         3
 Ignite Poison            Fire/Tmut/Pois 0%         N/A       69%         3
 Fulminant Prism          Conj/Hex       0%         3d6       97%         4
 Sticky Flame             Conj/Fire      0%         2d3       97%         4
 Agony                    Necr           6%         N/A       96%         5


Dungeon Overview and Level Annotations

Branches:
Dungeon (9/15)             Temple (1/1) D:7            Lair (0/6) D:9
  Sewer (visited)
    Orc: D:9-12

Altars:
Ashenzari
Dithmenos
Elyvilon
Fedhas
Gozag
Hepliaklqana
Kikubaaqudgha
Makhleb
Nemelex Xobeh
Okawaru
Qazlal
Ru
Sif Muna
Trog
Uskayaw
Vehumet
Wu Jian
Xom
Yredelemnul
Zin
The Shining One

Shops:
D:4 *

Annotations:
D:7 3 runed translucent doors, Zonian's ghost, novice DsGl
D:9 Joseph


Innate Abilities, Weirdness & Mutations

You cannot wear most types of armour.
You are amphibious.
You can wear up to eight rings at the same time.
Your skin changes colour to match your surroundings (Stealth+).
Your rubbery body absorbs attacks. (AC +1, EV +1)
You are camouflaged near water. (Stealth+)
You have tentacles for arms and can constrict up to eight enemies at once.


Message History

The centaur shoots an arrow.
The arrow hits you!
Unknown command.
Aiming: Iceblast
Press: ? - help, Q - select action, (/) - cycle Shift-Dir - straight line, f/p - orc wizard
Aim: an orc wizard, wielding a +2 dagger of draining and wearing a +0 robe (moderately wounded)
The mass of ice explodes!
The iceblast engulfs the orc wizard!
You kill the orc wizard!
You hear a splash. x2
The iceblast engulfs the orc warrior!
The orc warrior is severely wounded.
The iceblast engulfs the orc!
You kill the orc!
You hear a splash.
You hear a splash.
The iceblast engulfs the centaur!
You kill the centaur!
You hear a splash.
You hear a splash. x2
The iceblast engulfs the ice beast.
The ice beast partially resists.
The ice beast is moderately wounded.
Joseph shoots a sling bullet.
You block the sling bullet.
Unknown command.
Unknown command.
Aiming: Iceblast
Press: ? - help, Q - select action, (/) - cycle Shift-Dir - straight line The mass of ice explodes!
The iceblast engulfs Joseph!!
Joseph is moderately wounded.
Joseph shoots a sling bullet.
The sling bullet hits you! The sling bullet freezes you.
* * * LOW HITPOINT WARNING * * *
Unknown command.
Aiming: Iceblast
Press: ? - help, Q - select action, (/) - cycle Shift-Dir - straight line The mass of ice explodes!
The iceblast engulfs Joseph!
Joseph is heavily wounded.
Joseph shoots a sling bullet.
The sling bullet hits you!
* * * LOW HITPOINT WARNING * * *
The sling bullet freezes you.
You die...

≈≈≈# #.... ≈≈≈≈########
#### #....
≈≈≈≈≈≈≈≈##(###≈.# #....
≈≈≈≈≈≈≈≈##≈≈##≈## #....
≈≈≈≈≈≈≈≈≈##≈##≈## #?<..
≈≈≈≈≈≈≈≈≈≈≈≈≈≈≈≈# #....
≈≈≈≈≈≈≈≈≈≈≈≈≈≈≈≈##.####....
≈≈≈≈≈≈≈≈≈≈≈≈≈≈≈≈≈#.........
≈≈≈≈≈≈≈≈≈≈@≈≈##≈≈#.........
≈≈≈≈≈≈≈≈≈≈≈≈####≈#####.....
≈≈≈≈≈≈≈≈≈≈≈≈)###.# #.....
≈≈≈≈≈≈≈≈≈≈≈≈≈)#### #.....
≈≈≈≈≈≈≈≈Y≈≈≈≈## #.....
≈o≈≈≈)))≈≈≈≈≈### #....)
.c....o.≈≈@≈≈≈≈#######.>...
............≈≈≈≈≈#...>.....
..)..O.................


You could see Joseph, an ice beast and an orc.

Vanquished Creatures
  Harold (D:8)
  A kobold demonologist (D:7)
  2 hornets (D:7)
  A slime creature (D:7)
  Sigmund (D:3)
  A steam dragon (D:7)
  3 water moccasins (D:7)
  Duvessa (D:4)
  4 ice beasts (D:9)
  2 sky beasts
  An ogre (D:4)
  3 centaurs
  A kobold brigand (D:8)
  2 gnoll sergeants
  A bullfrog (D:5)
  3 scorpions
  Dowan (D:4)
  10 wights
  4 electric eels
  A howler monkey (D:9)
  2 jellies
  A centaur zombie (D:7)
  3 hounds
  2 gnoll shamans
  Jessica (D:2)
  3 orc wizards
  Natasha (D:2)
  Terence (D:3)
  2 iguanas
  A killer bee zombie (D:7)
  A howler monkey zombie (D:6)
  A howler monkey skeleton (D:5)
  Robin (D:3)
  6 adders
  13 gnolls
  3 river rats
  A white imp (D:7)
  An ufetubus (D:6)
  An adder skeleton (D:2)
  2 worms (D:2)
  2 dart slugs
  24 orcs
  9 bats
  5 endoplasms
  5 giant cockroaches
  13 goblins
  10 hobgoblins
  5 quokkas
  8 ball pythons
  9 frilled lizards
  11 kobolds
  15 rats
  A rat zombie (D:8)
208 creatures vanquished.

Vanquished Creatures (collateral kills)
  A centaur (D:5)
1 creature vanquished.

Grand Total: 209 creatures vanquished

Notes
Turn   | Place    | Note
-------+----------+-------------------------------------------
     0 | D:1      | ytrimaz the Octopode Fighter began the quest for the Orb.
     0 | D:1      | Reached XP level 1. HP: 16/16 MP: 1/1
     6 | D:1      | Noticed a swamp drake
     6 | D:1      | Noticed a black mamba
     6 | D:1      | Noticed a redback
     7 | D:1      | Noticed a lindwurm
     7 | D:1      | Noticed a black bear
   267 | D:1      | Reached XP level 2. HP: 21/21 MP: 2/2
   976 | D:2      | Reached XP level 3. HP: 26/26 MP: 3/3
  1567 | D:2      | Noticed Jessica
  1572 | D:2      | Killed Jessica
  1573 | D:2      | Reached XP level 4. HP: 28/33 MP: 4/4
  1929 | D:2      | Noticed Natasha
  1936 | D:2      | Killed Natasha
  2101 | D:3      | Noticed Robin
  2105 | D:3      | Reached XP level 5. HP: 33/37 MP: 5/5
  2109 | D:3      | Noticed Sigmund
  2385 | D:3      | Killed Sigmund
  2386 | D:3      | Reached XP level 6. HP: 43/43 MP: 6/6
  2654 | D:3      | Found a faded altar of an unknown god.
  2884 | D:3      | Noticed Terence
  2889 | D:3      | Killed Terence
  3314 | D:3      | Killed Robin
  3772 | D:4      | Reached skill level 1 in Stealth
  3772 | D:4      | Reached XP level 7. HP: 49/49 MP: 7/7
  3785 | D:4      | Found a glowing drain.
  3796 | D:4      | Reached skill level 5 in Short Blades
  3807 | Sewer    | Entered a sewer
  4327 | D:4      | Reached skill level 2 in Stealth
  4482 | D:4      | Noticed Dowan
  4484 | D:4      | Noticed Duvessa
  4494 | D:4      | Killed Duvessa
  4495 | D:4      | Reached skill level 5 in Dodging
  4498 | D:4      | Killed Dowan
  4499 | D:4      | Reached skill level 3 in Stealth
  4617 | D:4      | Found Icric's Neck Hole.
  4787 | D:4      | Found a stormy altar of Qazlal.
  4880 | D:5      | Entered Level 5 of the Dungeon
  4919 | D:5      | Found a bloodstained altar of Trog.
  4919 | D:5      | Found a sacrificial altar of Ru.
  5025 | D:5      | Reached XP level 8. HP: 54/54 MP: 8/8
  5227 | D:5      | Reached skill level 4 in Stealth
  5956 | D:5      | Reached skill level 5 in Stealth
  6024 | D:5      | Reached skill level 5 in Fighting
  6369 | D:6      | Reached skill level 6 in Stealth
  7350 | D:7      | Noticed a hornet
  7360 | D:7      | Reached skill level 7 in Stealth
  7360 | D:7      | Reached XP level 9. HP: 51/61 MP: 7/9
  7368 | D:7      | Killed a hornet
  7650 | D:7      | Found a staircase to the Ecumenical Temple.
  7699 | Temple   | Entered the Ecumenical Temple
  7998 | Temple   | Became a worshipper of Ashenzari the Shackled
  8245 | D:7      | Reached skill level 8 in Stealth
  8342 | D:7      | Found a runed translucent gate.
  8343 | D:7      | Found a runed translucent gate.
  8346 | D:7      | Noticed a hornet
  8356 | D:7      | Paralysed by a hornet for 1 turns
  8362 | D:7      | Killed a hornet
  8563 | D:7      | Found a runed translucent gate.
  8564 | D:7      | Noticed Zonian's ghost (novice DsGl)
  8604 | D:7      | Noticed a kobold demonologist
  8609 | D:7      | Reached skill level 9 in Stealth
  8609 | D:7      | Killed a kobold demonologist
  8619 | D:7      | Reached skill level 10 in Stealth
  8674 | D:7      | Identified the +7 great mace "Komiarhi" {vorpal, rC+ Int+6}
  9023 | D:8      | Learned a level 5 spell: Excruciating Wounds
  9158 | D:8      | Found an ancient bone altar of Kikubaaqudgha.
  9209 | D:8      | Noticed Harold
  9425 | D:8      | Killed Harold
  9426 | D:8      | Reached skill level 1 in Necromancy
  9426 | D:8      | Reached XP level 10. HP: 58/68 MP: 10/10
  9442 | D:8      | Reached skill level 11 in Stealth
  9728 | D:8      | Found a shimmering altar of Xom.
  9854 | D:9      | Found a staircase to the Lair.
  9894 | D:9      | Noticed a two-headed ogre
 10005 | D:9      | Noticed Joseph
 10070 | D:9      | HP: 3/69 [Joseph/sling bullet (14)]
 10070 | D:9      | Shot with a sling bullet by Joseph

Illustrated notes

Levels and vault maps discovered:
D:1:      onia_arrival_zoo_common, layout_basic, serial_glass, glass_columns_a,
          glass_columns_b
D:2:      layout_loops_ring, uniq_jessica, uniq_natasha
D:3:      layout_loops_ring, chequers_ecumenical_altar_simple_redux,
          minmay_ruptured, uniq_sigmund, uniq_robin, uniq_terence
D:4:      layout_cave_pools, general_overflow_altar, portal_sewer_entry_a,
          chequers_decorated_corner, nicolae_shop_sticking_my_neck_out,
          uniq_duvessa
D:5:      layout_gridville, gammafunk_temple_overflow_statue,
          kennysheep_pointless_box
D:6:      layout_basic, minmay_misc_feat_hallway
D:7:      layout_loops_ring, minmay_temple_entry_slanted, gammafunk_ghost_split,
          minmay_manual_mandibuliform
D:8:      due_megacathedral, layout_rooms, mainiacjoe_overflow_cross_hatched,
          lemuel_zombie_altar_kikubaaqudgha, fountainhead, uniq_harold
D:9:      minmay_twisted_water, layout_small_grid, marbit_many_paths,
          uniq_joseph
Temple:   minmay_temple_bridge_d

Skill      XL: |  1  2  3  4  5  6  7  8  9 10 |
---------------+-------------------------------+-----
Short Blades   | 3 4 5 6 7 8 |  8.2
Fighting       | 4 5 6 |  6.4
Dodging        | 4 5 6 7 |  7.9
Shields        | 4 |  4.0
Stealth        | 1 3 7 10 11 | 11.8
Necromancy     | 1 2 |  2.8

Action                   |  1- 3 |  4- 6 |  7- 9 | 10-12 || total
-------------------------+-------+-------+-------+-------++-------
Melee: Rapier            |    54 |       |     2 |       ||    56
       Constrict         |    20 |    26 |    41 |    18 ||   105
       Tentacles         |     9 |    19 |    49 |    22 ||    99
       Dagger            |    17 |   114 |   237 |    91 ||   459
Throw: Throwing net      |       |       |     1 |       ||     1
Evoke: Wand              |       |       |       |     5 ||     5
  Use: Scroll            |     2 |     3 |    11 |       ||    16
       Potion            |     1 |     3 |     4 |       ||     8
 Stab: Sleeping          |     7 |     6 |    21 |     8 ||    42
Armor: Skin              |     5 |    11 |     9 |     1 ||    26
Dodge: Dodged            |    35 |    58 |   109 |    50 ||   252
Block: Buckler           |    14 |    31 |    36 |    20 ||   101

Table legend: (Time is in decaauts)
 A = Elapsed time spent in this place.
 B = Non-inter-level travel time spent in this place.
 C = Inter-level travel time spent in this place.
 D = Time resting spent in this place.
 E = Time spent auto-exploring this place.
 F = Levels seen in this place.
 G = Mean time per level.
                   A        B        C        D        E       F      G
               +--------+--------+--------+--------+--------+-----+--------+
         Total |   9955 |   9567 |    388 |    467 |   7324 |  11 |  905.0 |
       Dungeon |   9082 |   8833 |    249 |    432 |   6787 |   9 | 1009.1 |
        Temple |    370 |    231 |    139 |      0 |    213 |   1 |  370.0 |
         Sewer |    502 |    502 |      0 |     34 |    324 |   1 |  502.0 |
               +--------+--------+--------+--------+--------+-----+--------+

Top non-repeatable levels by time:
     D:3: 1489 daAuts
     D:7: 1337 daAuts
     D:5: 1316 daAuts
     D:2: 1274 daAuts
     D:6: 1122 daAuts
     D:1: 977 daAuts
     D:8: 743 daAuts
     D:4: 608 daAuts
   Sewer: 502 daAuts
  Temple: 370 daAuts
     D:9: 212 daAuts
